 Dungeon Crawl Stone Soup version 0.27.1-37-g7b29ead8ac (console) character file.

Game seed: 2701462269612230440

870 grimtooth the Summoner (level 7, -5/27 HPs)
             Began as a Felid Summoner on Dec 9, 2023.
             Was a Believer of Nemelex Xobeh.
             Shot with an arrow by a centaur (13 damage)
             ... on level 8 of the Dungeon.
             The game lasted 00:41:02 (11192 turns).

grimtooth the Summoner (Felid Summoner)            Turns: 11192, Time: 00:41:02

Health: -5/27      AC:  2    Str: 10    XL:     7   Next: 73%
Magic:  9/20       EV: 20    Int: 19    God:    Nemelex Xobeh [**....]
Gold:   371        SH:  0    Dex: 16    Spells: 1/10 levels left
                                        Lives:  0   Deaths: 2

rFire    . . .     SeeInvis +     - Unarmed
rCold    . . .     Faith    .   (shield unavailable)
rNeg     . . .     Spirit   .   (armour unavailable)
rPois    .         Reflect  .   (helmet unavailable)
rElec    .         Harm     .   (cloak unavailable)
rCorr    .         Rampage  .   (gloves unavailable)
Will     +....                  (boots unavailable)
Stlth    +++.......             (no amulet)
HPRegen  0.09/turn              g - ring of magical power
MPRegen  0.17/turn              w - +6 ring of strength

@: very slightly contaminated, studying Fire Magic, invisible, quick
A: very small, claws 1, fangs 3, see invisible, speed 1, shaggy fur 2, stealthy
paws, no weapons or thrown items, no armour, multi-lived
a: Renounce Religion, Draw Escape, Draw Destruction, Draw Summoning


You were on level 8 of the Dungeon.
You worshipped Nemelex Xobeh.
Nemelex Xobeh was pleased with you.
You visited 2 branches of the dungeon, and saw 9 of its levels.

You collected 371 gold pieces.

Inventory:

Jewellery
 g - a ring of magical power (left paw)
 n - a ring of wizardry
 w - a +6 ring of strength (right paw)
Wands
 f - a wand of digging (4)
 u - a wand of paralysis (7)
Scrolls
 b - 4 scrolls of teleportation {unknown}
 c - a scroll of enchant weapon {unknown}
 j - 5 scrolls of amnesia
 k - 3 scrolls of noise {unknown}
 l - 2 scrolls of magic mapping {unknown}
 m - 2 scrolls of fog
 o - a scroll of enchant armour {unknown}
 q - a scroll of holy word {unknown}
 r - a scroll of vulnerability {unknown}
 s - a scroll of torment {unknown}
 t - a scroll of immolation {unknown}
 v - a scroll of silence {unknown}
Potions
 a - 2 potions of ambrosia
 d - 3 potions of curing {unknown}
 e - a potion of flight {unknown}
 h - a potion of might
 p - 2 potions of attraction


   Skills:
 - Level 6.0 Dodging
 - Level 6.0 Stealth
 + Level 5.0 Unarmed Combat
 - Level 2.0 Spellcasting
 * Level 8.6 Summonings


You had one spell level left.
You knew the following spells:

 Your Spells              Type           Power      Damage    Failure   Level
L - Summon Small Mammal   Summ           100%       N/A       1%          1
M - Summon Guardian Gole  Hex/Summ       18%        N/A       9%          3
N - Call Canine Familiar  Summ           34%        N/A       1%          3
P - Call Imp              Summ           34%        N/A       1%          2

Your spell library contained the following spells:

 Spells                   Type           Power      Damage    Failure   Level
 Summon Lightning Spire   Summ/Air       18%        N/A       28%         4


Dungeon Overview and Level Annotations

Branches:
Dungeon (8/15)             Temple (1/1) D:7
   Lair: D:8-11

Altars:
Ashenzari
Cheibriados
Dithmenos
Elyvilon
Fedhas
Gozag
Hepliaklqana
Kikubaaqudgha
Makhleb
Nemelex Xobeh
Okawaru
Qazlal
Ru
Sif Muna
Trog
Uskayaw
Vehumet
Wu Jian
Xom
Yredelemnul
Zin
The Shining One
Beogh

Shops:
D:6 [=

Annotations:
D:3 2 transporters
D:4 exclusion: 3 ogres
D:5 exclusion: two-headed ogre


Innate Abilities, Weirdness & Mutations

You have sharp claws.
You have razor-sharp teeth.
You have supernaturally acute eyesight. (SInv)
You cover ground quickly. (Speed+)
You are covered in thick fur. (AC +2)
Your paws help you pounce on unaware monsters.
You are incapable of wielding weapons or throwing items.
You cannot wear armour.
You gain extra lives every three experience levels.


Message History

The centaur shoots an arrow.
The arrow hits your hound.
The centaur shoots an arrow.
Casting: Call Canine Familiar (safe; 1% risk of failure)
Confirm with . or Enter, or press ? or * to list all spells.
A beastly little devil appears in a puff of flame.
The centaur shoots an arrow.
The arrow barely misses your hound. The arrow hits your crimson imp!
Your crimson imp dies!
Your crimson imp disappears in a puff of smoke!
Casting: Call Imp (safe; 1% risk of failure)
Confirm with . or Enter, or press ? or * to list all spells.
A beastly little devil appears in a puff of flame.
The centaur shoots an arrow.
The arrow hits your hound!
Your hound bites the centaur but does no damage.
The centaur shoots an arrow.
The arrow hits your hound!
Your hound dies!
Your hound's corpse disappears in a puff of smoke!
The centaur shoots an arrow.
Your crimson imp blinks! x2
Casting: Call Imp (safe; 1% risk of failure)
Confirm with . or Enter, or press ? or * to list all spells.
The centaur shoots an arrow.
The arrow barely misses you. The arrow hits your hound!
The centaur shoots an arrow.
The arrow completely misses you. The arrow misses your hound.
The centaur shoots an arrow.
The arrow hits your hound!
Your hound dies!
Your hound's corpse disappears in a puff of smoke!
Your crimson imp blinks!
The centaur shoots an arrow.
Aiming: Paralyse
Press: ? - help, Shift-Dir - straight line, f/p - centaur
Aim: a centaur, wielding a +0 shortbow and quivering arrows (ally target, chance to affect: 46%)
Okay, then.
The centaur shoots an arrow.
The steam dragon barely misses your crimson imp.
The steam dragon completely misses your crimson imp.
Your crimson imp hits the centaur but does no damage.
The centaur shoots an arrow.
The arrow hits you!
You die...
Your body disappears without a glow.

... #.#.............#....# ..#
#....................# ..#
#..#.............<...#
<.######..#...D..5..........#
##.....####..5c......##.....#
.......####..........##.....####
###.................##..........
....................##[.........
....#######..........#..........
...## ..........ยง..............
.####...........@...............
..###.........$......#..........
.....................#..........
..................>.##..........
#.###......##.......##..........
#..##...... ####.........######
.......##########............#
......<......................#
.......##############........#
######## #........# #...(....#


You could see a steam dragon (wandering), a centaur (ally target) and 2 friendly
crimson imps.

Vanquished Creatures
  A steam dragon (D:8)
  Menkaure (D:7)
  An ice beast (D:6)
  A centaur (D:7)
  A phantom (D:6)
  A bullfrog (D:6)
  A wight (D:7)
  A bullfrog zombie (D:6)
  A hound (D:6)
  2 iguanas (D:7)
  2 adders (D:2)
  2 white imps
  3 worms
  3 dart slugs
  2 orcs
  4 ball pythons
  An endoplasm (D:1)
  A goblin (D:4)
  4 hobgoblins
  2 quokkas
  5 bats
  2 frilled lizards (D:1)
  3 kobolds
  14 rats
59 creatures vanquished.

Vanquished Creatures (collateral kills)
  Prince Ribbit (D:5)
  An orc warrior (D:4)
  An ice beast (D:5)
  A black bear (D:4)
  A kobold brigand (D:6)
  A bullfrog (D:6)
  A water moccasin skeleton (D:5)
  A wight (D:7)
  A jelly (D:6)
  A centaur zombie (D:5)
  A bullfrog zombie (D:3)
  A gnoll shaman (D:7)
  4 orc priests
  A centaur skeleton (D:6)
  An iguana (D:6)
  5 orc wizards
  A howler monkey skeleton (D:7)
  9 gnolls
  4 adders
  A shadow imp (D:5)
  2 dart slugs (D:2)
  10 orcs
  5 endoplasms
  3 goblins
  3 hobgoblins
  3 jackals (D:2)
  5 kobolds
  3 quokkas
  2 ball pythons
  2 frilled lizards (D:2)
  8 rats (D:3)
84 creatures vanquished.

Vanquished Creatures (others)
  A gnoll sergeant (D:7)
  2 wights (D:7)
  An orc (D:5)
  6 plants (D:7)
10 creatures vanquished.

Grand Total: 153 creatures vanquished

Notes
Turn   | Place    | Note
-------+----------+-------------------------------------------
     0 | D:1      | grimtooth the Felid Summoner began the quest for the Orb.
     0 | D:1      | Reached XP level 1. HP: 7/7 MP: 4/4
   518 | D:1      | Reached skill level 1 in Unarmed Combat
   810 | D:2      | Reached XP level 2. HP: 9/11 MP: 3/6
  1865 | D:2      | Reached XP level 3. HP: 7/14 MP: 2/7
  2774 | D:3      | Learned a level 2 spell: Call Imp
  2778 | D:3      | Learned a level 3 spell: Call Canine Familiar
  2851 | D:3      | Reached XP level 4. HP: 6/18 MP: 8/8
  3684 | D:3      | Found a transporter.
  3723 | D:3      | Found a transporter.
  3724 | D:3      | Noticed a kobold brigand
  4285 | D:4      | Noticed an ogre
  4386 | D:4      | Noticed an ogre
  4419 | D:4      | Noticed an orc warrior
  4428 | D:4      | Identified the +0 leather armour of the Bruised Xenophobes
                  | {*Corrode rC+ Dex+3}
  4504 | D:4      | Killed an orc warrior
  4505 | D:4      | Reached XP level 5. HP: 16/21 MP: 0/9
  4644 | D:4      | Reached skill level 5 in Summonings
  4682 | D:4      | Noticed a black bear
  4704 | D:4      | Slain by an orc priest
  4705 | D:4      | Reached XP level 4. HP: 0/18 MP: 8/17
  4755 | D:4      | Killed a black bear
  4756 | D:4      | Reached skill level 5 in Stealth
  4756 | D:4      | Reached XP level 5. HP: 5/21 MP: 9/9
  5131 | D:4      | Noticed an ogre
  5173 | D:4      | You fall into a shaft and drop 3 floors!
  5180 | D:7      | Found a staircase to the Ecumenical Temple.
  5189 | Temple   | Entered the Ecumenical Temple
  5433 | Temple   | Became a worshipper of Nemelex Xobeh the Trickster
  5604 | D:7      | Noticed a centaur
  5629 | D:6      | Noticed an ice beast
  5645 | D:6      | HP: 1/21 [kobold brigand (9)]
  5732 | D:6      | Killed an ice beast
  5759 | D:6      | Gained mutation: You are covered in thick fur. (AC +2)
                  | [Felid growth]
  5759 | D:6      | Reached XP level 6. HP: 13/24 MP: 9/10
  5894 | D:6      | Learned a level 3 spell: Summon Guardian Golem
  6004 | D:6      | Found Fiptefuf's Antique Armour Emporium.
  6102 | D:6      | Found a hazy altar of Hepliaklqana.
  6268 | D:6      | Reached skill level 6 in Summonings
  6577 | D:6      | Found a bloodstained altar of Trog.
  6580 | D:6      | Found a burning altar of Makhleb.
  6590 | D:5      | Entered Level 5 of the Dungeon
  6979 | D:5      | Reached * piety under Nemelex Xobeh
  7035 | D:5      | Noticed an ice beast
  7063 | D:5      | Killed an ice beast
  7136 | D:5      | Noticed Prince Ribbit
  7160 | D:5      | Killed Prince Ribbit
  7161 | D:5      | Reached XP level 7. HP: 27/27 MP: 11/11
  7399 | D:5      | Noticed a two-headed ogre
  7441 | D:5      | Reached skill level 5 in Dodging
  7735 | D:5      | Received a gift from Nemelex Xobeh
  8121 | D:6      | Found Henwoasch's Jewellery Shoppe.
  8635 | D:6      | Reached skill level 7 in Summonings
  8845 | D:6      | Found a glowing golden altar of the Shining One.
  9041 | D:7      | Noticed Menkaure
  9043 | D:7      | Killed Menkaure
  9290 | D:7      | Reached XP level 8. HP: 31/31 MP: 12/12
  9446 | D:7      | Reached ** piety under Nemelex Xobeh
  9446 | D:7      | Received a gift from Nemelex Xobeh
  9691 | D:7      | Killed by an exploding themself... ignited by their inner
                  | flame
  9692 | D:7      | Reached XP level 7. HP: -1/27 MP: 13/20
  9692 | D:7      | Reached skill level 8 in Summonings
 10964 | D:8      | Noticed a steam dragon
 11070 | D:8      | Noticed a steam dragon
 11130 | D:8      | Killed a steam dragon
 11131 | D:8      | Reached skill level 5 in Unarmed Combat
 11192 | D:8      | Shot with an arrow by a centaur

Illustrated notes

Levels and vault maps discovered:
D:1:      dpeg_arrival_orchard, layout_basic
D:2:      layout_rooms
D:3:      layout_loops_ring, gammafunk_ghost_abyssal_escape, minmay_rat_hole
D:4:      layout_basic, minmay_manual_monstrance
D:5:      layout_rooms, skrybe_limestone_x, uniq_prince_ribbit1
D:6:      layout_loops_corners, mainiacjoe_overflow_large_starburst,
          mainiacjoe_overflow_catwalk_spiral, serial_shops,
          nicolae_diamond_shop, shop
D:7:      layout_basic, minmay_temple_entry_overgrown, uniq_menkaure
D:8:      layout_rooms, special_room [special_room_orc], minmay_misc_feat_doors
Temple:   dpeg_five_rooms_temple

Skill      XL: |  1  2  3  4  5  6  7 |
---------------+----------------------+-----
Unarmed Combat | 1 2 3 5 |  5.0
Stealth        | 3 4 5 6 |  6.0
Dodging        | 3 4 6 |  6.0
Summonings     | 5 6 8 |  8.6
Spellcasting   | |  2.0

Action                   |  1- 3 |  4- 6 |  7- 9 || total
-------------------------+-------+-------+-------++-------
Melee: Unarmed           |    67 |   105 |    41 ||   213
       Bite              |     1 |     9 |     3 ||    13
       Punch             |       |     1 |       ||     1
 Cast: Summon Small Mamm |    54 |    14 |       ||    68
       Call Imp          |     2 |    35 |    38 ||    75
       Call Canine Famil |       |    21 |    27 ||    48
       Summon Guardian G |       |     1 |     7 ||     8
  Use: Scroll            |       |     9 |       ||     9
       Potion            |       |     3 |     1 ||     4
 Stab: Sleeping          |     8 |     7 |     8 ||    23
       Distracted        |     1 |     1 |     1 ||     3
Armor: Skin              |     4 |     3 |     2 ||     9
Dodge: Dodged            |    44 |   103 |    38 ||   185
